Map: Frost LE

Players

Gracz - Winner!

  • Race: Protoss Protoss
  • League: Bronze

Summatr

  • Race: Terran Terran
  • League: Bronze

VOD

Have the link to the VOD?

Description

Time

  • Played on: Sept. 15, 2016, 2:26 p.m.
  • Length: 14:49
Show
View Real Time Build Order
Export as new Build Order

Gracz Protoss - Winner!

Build Orders:  

Get SALT Encoding   

  12  0:01  Probe (Chrono Boost)  
  13  0:12  Probe (Chrono Boost)  
  14  0:20  Pylon  
  14  0:32  Probe (Chrono Boost)  
  15  0:37  Assimilator  
  15  0:58  Gateway  
  15  1:00  Gateway  
  15  1:06  Probe (Chrono Boost)  
  16  1:17  Probe (Chrono Boost)  
  17  1:49  Forge  
  17  1:54  Cybernetics Core  
  17  1:58  Zealot x2  
  17  1:59  Pylon  
  17  2:00  Probe (Chrono Boost)  
  22  2:11  Probe (Chrono Boost)  
  23  2:31  Robotics Facility  
  23  2:44  Stalker, Warp Gate  
  25  2:56  Assimilator  
  25  3:05  Nexus  
  25  3:24  Immortal  
  29  3:42  Assimilator  
  29  3:44  Probe (Chrono Boost)  
  31  3:56  Probe (Chrono Boost)  
  31  4:14  Pylon  
  32  4:19  Probe (Chrono Boost)  
  26  4:44  Immortal  
  26  4:47  Protoss Ground Armor Level 1  
  26  4:50  Stargate  
  30  4:57  Nexus  
  30  5:05  Probe (Chrono Boost)  
  31  5:16  Probe (Chrono Boost)  
  32  5:26  Probe (Chrono Boost)  
  33  5:37  Pylon  
  33  5:43  Stalker x2  
  33  5:48  Probe (Chrono Boost)  
  39  5:50  Probe (Chrono Boost)  
  39  5:54  Assimilator  
  39  5:59  Probe (Chrono Boost)  
  39  6:02  Probe (Chrono Boost)  
  41  6:09  Probe (Chrono Boost)  
  41  6:11  Warp Prism  
  44  6:14  Probe (Chrono Boost)  
  43  6:26  Sentry  
  43  6:27  Sentry  
  43  6:30  Void Ray  
  51  6:36  Probe (Chrono Boost)  
  52  6:41  Probe (Chrono Boost)  
  52  6:42  Probe (Chrono Boost)  
  52  6:46  Probe (Chrono Boost)  
  56  6:47  Observer  
  56  6:57  Probe (Chrono Boost)  
  57  7:08  Mothership Core (Chrono Boost)  
  59  7:22  Stalker x2  
  63  7:23  Probe (Chrono Boost)  
  63  7:25  Probe (Chrono Boost)  
  63  7:26  Probe (Chrono Boost)  
  66  7:34  Probe (Chrono Boost)  
  66  7:36  Probe (Chrono Boost)  
  66  7:37  Probe (Chrono Boost)  
  65  7:44  Probe (Chrono Boost)  
  65  7:45  Stalker  
  65  7:46  Stalker  
  65  7:47  Probe (Chrono Boost)  
  65  7:49  Probe (Chrono Boost)  
  72  7:54  Gateway  
  72  7:56  Gateway  
  64  8:09  Protoss Ground Weapons Level 1  
  64  8:10  Gateway  
  64  8:15  Probe (Chrono Boost)  
  64  8:19  Stalker x2  
  69  8:26  Probe (Chrono Boost)  
  70  8:36  Probe (Chrono Boost)  
  70  8:37  Pylon  
  70  8:40  Pylon  
  71  8:43  Pylon  
  71  8:47  Gateway  
  71  9:03  Twilight Council  
  71  9:13  Void Ray  
  75  9:25  Stargate  
  75  9:26  Stargate  
  75  9:27  Stargate  
  75  9:30  Assimilator  
  75  9:33  Assimilator  
  75  9:35  Stalker x2  
  75  9:36  Stalker  
  75  9:37  Sentry x2  
  85  9:46  Robotics Bay  
  79  10:27  Stalker x3  
  81  10:30  Oracle, Phoenix  
  81  10:31  Oracle, Phoenix  
  81  10:35  Pylon  
  91  10:37  Pylon  
  91  10:48  Blink  
  91  10:52  Disruptor, Gravitic Drive  
  91  10:55  Void Ray x2  
  102  10:59  Stalker  
  104  11:07  Probe (Chrono Boost)  
  105  11:17  Probe (Chrono Boost)  
  100  11:48  Pylon  
  100  11:51  Probe (Chrono Boost)  
  100  11:53  Disruptor  
  104  12:03  Probe (Chrono Boost)  
  105  12:12  Void Ray x3  
  117  12:21  Pylon  
  117  12:23  Pylon  
  117  12:26  Pylon  
  117  12:29  Pylon  
  117  12:31  Pylon  
  117  12:39  Void Ray  
  121  12:49  Charge  
  109  12:55  Stalker, Void Ray x3  
  109  12:56  Stalker x3  
  129  12:58  Sentry  
  129  13:05  Immortal  
  135  13:22  Void Ray  
  135  13:24  Fleet Beacon  
  139  13:44  Immortal  
  143  13:59  Stalker x3  
  143  14:00  Stalker  
  143  14:01  Stalker  
  153  14:12  Pylon  
  153  14:15  Pylon  
Show
View Real Time Build Order
Export as new Build Order

Summatr Terran 

Build Orders:  

Get SALT Encoding   

  12  0:15  Supply Depot  
  12  0:28  Supply Depot  
  12  0:37  Supply Depot  
  12  0:47  Barracks  
  12  1:01  Refinery, SCV  
  13  1:15  Refinery, SCV  
  14  1:43  SCV  
  15  1:53  Engineering Bay  
  15  1:55  SCV  
  16  2:04  Barracks Reactor  
  16  2:07  SCV  
  17  2:19  SCV  
  18  2:31  Missile Turret  
  18  2:37  Missile Turret  
  18  2:39  SCV  
  19  2:46  Marine  
  19  2:50  Marine  
  21  3:01  SCV  
  21  3:04  Marine  
  23  3:08  Marine  
  24  3:13  SCV  
  25  3:35  Factory  
  25  3:39  Orbital Command  
  25  3:45  Terran Infantry Weapons Level 1  
  25  3:52  Marine x2  
  27  4:11  Marine x2  
  27  4:15  SCV  
  27  4:36  Marine x2  
  27  4:44  Factory Tech Lab  
  27  4:45  Supply Depot  
  27  4:53  Marine  
  27  4:54  Marine  
  27  4:59  Bunker  
  30  5:00  SCV  
  30  5:11  Marine x2  
  30  5:13  Supply Depot  
  32  5:19  Supply Depot  
  32  5:24  Supply Depot  
  32  5:31  Marine  
  32  5:33  Starport  
  33  5:37  Marine  
  33  5:39  Terran Infantry Armor Level 1  
  34  6:00  Missile Turret  
  34  6:01  Siege Tank  
  37  6:26  Starport Tech Lab  
  37  6:37  Missile Turret, Siege Tank  
  40  6:53  Missile Turret  
  40  7:09  Siege Tank  
  40  7:15  Missile Turret  
  43  7:19  Missile Turret  
  43  7:21  Medivac  
  45  7:33  Hi-Sec Auto Tracking  
  45  7:34  Missile Turret  
  45  7:42  Siege Tank  
  48  7:48  Missile Turret  
  48  7:51  Medivac  
  50  7:55  Missile Turret  
  46  8:11  Missile Turret  
  46  8:21  Missile Turret  
  46  8:25  Marine x2  
  46  8:26  Missile Turret  
  48  8:39  Armory  
  48  8:58  Medivac  
  48  9:01  Marine  
  51  9:18  Building Armor  
  51  9:28  Medivac  
  53  9:53  Missile Turret  
  53  10:03  Missile Turret  
  53  10:34  Missile Turret  
  53  10:49  Command Center  
  53  10:58  Sensor Tower  
  53  11:08  Terran Vehicle Weapons Level 1  
  53  11:10  Terran Infantry Weapons Level 2  
  53  11:37  Starport  
  53  11:52  Missile Turret  
  53  12:01  Missile Turret  
  53  12:07  Missile Turret  
  53  12:23  Missile Turret  
  53  12:34  Refinery  
  53  12:36  Refinery  
  53  13:11  Missile Turret, Starport Tech Lab  
  53  13:16  Missile Turret  
  53  13:29  Marine x2  
  55  13:51  Planetary Fortress  
  55  14:25  Supply Depot  
Tags
 
Add a new tag
Caveats
  • Supply blocks, unpowered buildings, or Contaminate may cause inaccurate times.
  • Supply counts are checked every 10 seconds.